 Dungeon Crawl Stone Soup version 0.29.1-12-g30fa7ad0bf (webtiles) character file.

Game seed: 10881500235611433072

574 Rambler the Ruffian (level 7, -6/68 HPs)
             Began as a Troll Fighter on Jan 11, 2023.
             Mangled by a gnoll
             ... wielding a +0 spear
             ... led by a gnoll sergeant
              (8 damage)
             ... on level 5 of the Dungeon.
             The game lasted 00:13:00 (3131 turns).

Rambler the Ruffian (Troll Fighter)                 Turns: 3131, Time: 00:13:01

Health: -6/68      AC:  4    Str: 25    XL:     7   Next: 12%
Magic:  6/6        EV:  8    Int:  6    God:
Gold:   125        SH:  8    Dex:  9    Spells: 6/6 levels left

rFire   + . .      SeeInvis .     - Unarmed
rCold   + . .      Faith    .   b - +0 kite shield
rNeg    . . .      Spirit   .   a - +0 robe
rPois   +          Reflect  .   (helmet restricted)
rElec   +          Harm     .   (no cloak)
rCorr   +          Rampage  .   (gloves unavailable)
Will    .....                   (boots unavailable)
Stlth   +.........              (no amulet)
HPRegen 1.01/turn               (no ring)
MPRegen 0.10/turn               (no ring)

@: resistant
A: large, unfitting armour, claws 3, regeneration 1, shaggy fur 1, tough skin 1
a: no special abilities


You were on level 5 of the Dungeon.
You visited 1 branch of the dungeon, and saw 6 of its levels.

You collected 203 gold pieces.
You spent 78 gold pieces at shops.

Inventory:

Armour
 a - a +0 robe (worn)
 b - a +0 kite shield (worn)
Jewellery
 k - an amulet of regeneration
Wands
 r - a wand of iceblast (8)
Scrolls
 e - a scroll of brand weapon {unknown}
 h - a scroll of enchant armour {unknown}
 i - 2 scrolls of enchant weapon {unknown}
 j - 6 scrolls of identify
 l - 3 scrolls of acquirement {unknown}
 p - a scroll of immolation {unknown}
 q - a scroll of teleportation {unknown}
Potions
 c - 2 potions of might
 d - a potion of ambrosia {unknown}
 f - a potion of invisibility {unknown}
 m - a potion of flight {unknown}
 o - a potion of berserk rage {unknown}


   Skills:
 + Level 3.9 Fighting
 - Level 2.4 Dodging
 + Level 4.3 Shields
 * Level 5.7 Unarmed Combat


You had 6 spell levels left.
You didn't know any spells.
Your spell library contained the following spells:

 Spells                   Type           Power      Damage    Failure   Level
 Apportation              Tloc           0%         N/A       75%         1
 Necrotise                Necr           0%         1d4       75%         1
 Summon Small Mammal      Summ           0%         N/A       75%         1
 Ensorcelled Hibernation  Hex/Ice        0%         N/A       86%         2
 Call Canine Familiar     Summ           0%         N/A       98%         3
 Frozen Ramparts          Ice            0%         1d1       98%         3
 Portal Projectile        Hex/Tloc       0%         N/A       98%         3
 Spider Form              Tmut/Pois      0%         N/A       98%         3
 Anguish                  Hex/Necr       0%         N/A       100%        4
 Ice Form                 Ice/Tmut       0%         N/A       100%        4
 Leda's Liquefaction      Hex/Erth       0%         N/A       100%        4
 Summon Ice Beast         Ice/Summ       0%         N/A       100%        4


Dungeon Overview and Level Annotations

Branches:
Dungeon (6/15)
 Temple: D:4-7

Altars:
Dithmenos
Okawaru
Wu Jian
Zin

Shops:
D:5 =(?


Innate Abilities, Weirdness & Mutations

You are too large for most types of armour.
You have claws for hands.
Your natural rate of healing is unusually fast.
You are covered in fur. (AC +1)
You have tough skin. (AC +1)


Message History

You climb upwards.
You hear the hiss of flowing sand.
There is an entrance to an ossuary on this level.
Hurry and find it before the portal is buried!
You hear the brisk hiss of a very distant avalanche of sand.
You block the gnoll sergeant's attack. The white imp gestures at you.
The puff of frost hits you!
There is a stone staircase leading down here.
The gnoll sergeant hits you with a +0 spear!
The gnoll sergeant attacks as you move away!
The gnoll sergeant hits you but does no damage.
The gnoll sergeant hits you from afar with a +0 spear!
* * * LOW HITPOINT WARNING * * *
The necrophage hits you but does no damage.
You feel much better. You block the gnoll's attack.
The gnoll sergeant hits you from afar with a +0 spear!
You block the necrophage's attack.
You feel protected.
Your attacks no longer feel as feeble.
The gnoll hits you from afar with a +0 spear.
You block the gnoll sergeant's attack. You block the necrophage's attack.
The necrophage attacks as you move away!
The necrophage hits you but does no damage.
You closely miss the necrophage. You block the gnoll sergeant's attack.
The necrophage barely misses you.
You claw the necrophage!
The necrophage is severely damaged.
The gnoll sergeant hits you from afar with a +0 spear!
* * * LOW HITPOINT WARNING * * *
You block the necrophage's attack. The gnoll barely misses you.
You closely miss the necrophage.
The necrophage is severely damaged.
The gnoll hits you from afar with a +0 spear.
* * * LOW HITPOINT WARNING * * *
The gnoll sergeant hits you from afar with a +0 spear!
* * * LOW HITPOINT WARNING * * *
The necrophage barely misses you.
You scratch the necrophage.
The necrophage is severely damaged.
The gnoll hits you from afar with a +0 spear!
You die...

##....##...PP.............##.....
......##...PP.......###.#........
########...PPPPPPP..## .# #.<...
# ##...PPPPPPP...##.# ##..... #
##.................###...#.. #
#..#...............##....... #
#.###.##.......#...#........ #
#.# #....#.................. #
#.# ##..###@##..#...........
######.####.## #n###.............
##..........# #gg####.........##
##..?.......# ###5g............#
##.........####.........#......#
#########...............#......#
#≈≈≈≈≈≈≈#######...........#.[..#.
.......≈# ##..........#####.#.
#≈≈≈≈≈≈≈# ##..........####...#.


You could see a necrophage, a gnoll sergeant, 2 gnolls and a white imp.

Vanquished Creatures
  An elf zombie (D:5)
  3 scorpions
  A jelly (D:5)
  2 hounds
  2 iguanas
  A human skeleton (D:5)
  5 gnolls
  An adder (D:2)
  An ufetubus (D:5)
  3 worms
  3 dart slugs
  7 orcs
  7 endoplasms
  4 giant cockroaches
  6 goblins
  5 hobgoblins
  4 jackals (D:4)
  4 quokkas
  7 ball pythons
  A bat (D:2)
  5 frilled lizards
  5 kobolds
  4 rats
82 creatures vanquished.

Notes
Turn   | Place    | Note
-------+----------+-------------------------------------------
     0 | D:1      | Rambler the Troll Fighter began the quest for the Orb.
     0 | D:1      | Reached XP level 1. HP: 22/22 MP: 0/0
   103 | D:1      | Reached XP level 2. HP: 26/29 MP: 1/1
   145 | D:1      | Found a faded altar of an unknown god.
   794 | D:2      | Noticed a scorpion
   799 | D:2      | Killed a scorpion
   800 | D:2      | Reached skill level 3 in Unarmed Combat
   800 | D:2      | Reached XP level 3. HP: 23/36 MP: 2/2
   800 | D:2      | Reached XP level 4. HP: 28/44 MP: 3/3
   974 | D:2      | Identified the +5 plate armour of Trumpets {Int+7 Dex+2}
  1778 | D:3      | Reached skill level 4 in Unarmed Combat
  1778 | D:3      | Reached XP level 5. HP: 43/53 MP: 4/4
  2132 | D:4      | Found an iron altar of Okawaru.
  2195 | D:4      | Found an ornate altar of the Wu Jian Council.
  2264 | D:4      | Found a glowing silver altar of Zin.
  2568 | D:4      | Reached XP level 6. HP: 61/61 MP: 5/5
  2659 | D:4      | Reached skill level 5 in Unarmed Combat
  2818 | D:5      | Entered Level 5 of the Dungeon
  2852 | D:5      | Found Waitobru's Magic Scroll Shop.
  2853 | D:5      | Found Vuloisuc's Weapon Emporium.
  2857 | D:5      | Bought a scroll of identify for 26 gold pieces
  2857 | D:5      | Bought a scroll of identify for 26 gold pieces
  2857 | D:5      | Bought a scroll of identify for 26 gold pieces
  2896 | D:5      | Reached XP level 7. HP: 68/68 MP: 6/6
  2909 | D:5      | Found Giast's Jewellery Shop.
  2935 | D:5      | Found a shadowy altar of Dithmenos.
  3130 | D:5      | HP: 1/68 [gnoll sergeant/+0 spear (7)]
  3131 | D:5      | Mangled by a gnoll

Illustrated notes

Levels and vault maps discovered:
D:1:      elethiomel_arrival_shortcut, layout_basic, serial_forest,
          infiniplex_forest_3_way, infiniplex_forest_fountain,
          infiniplex_forest_end_1, infiniplex_forest_diagonal,
          infiniplex_forest_clump_cross, infiniplex_forest_lined_room_2,
          infiniplex_forest_lined_4_way, infiniplex_forest_clump_long,
          ebering_ecumenical_altar_hall, corexii_leaking_fountain,
          columned_hall_lemuel
D:2:      layout_loops_cross
D:3:      layout_basic
D:4:      layout_loops_ring, mainiacjoe_overflow_small_starburst,
          kennysheep_little_box, lemuel_tele_altar
D:5:      layout_rooms, mainiacjoe_overflow_chevrons,
          nicolae_ossuary_entry_catacombs, serial_shops, kennysheep_mini_moat,
          nicolae_inconvenience_store, nicolae_shop_stone,
          nicolae_shop_competitors_out_of_business, nicolae_shop_hallway_stairs,
          nicolae_zen_rock_garden, nicolae_stop_n_shop_2,
          kennysheep_cross_bottleneck
D:6:      layout_rooms, kennysheep_mini, mainiacjoe_overflow_boulevard,
          portal_sewer_entry_f

Skill      XL: |  1  2  3  4  5  6 |
---------------+-------------------+-----
Shields        | 3 4 |  4.3
Unarmed Combat | 3 4 5 |  5.7
Fighting       | 3 |  3.9
Dodging        | |  2.4

Action                   |  1- 3 |  4- 6 |  7- 9 || total
-------------------------+-------+-------+-------++-------
Melee: Unarmed           |    58 |   199 |    23 ||   280
  Use: Scroll            |       |     2 |       ||     2
       Potion            |       |       |     3 ||     3
Armor: Robe              |    14 |    56 |    10 ||    80
Dodge: Dodged            |     8 |    65 |    17 ||    90
Block: Kite shield       |    12 |    67 |    26 ||   105
